 Dungeon Crawl Stone Soup version 0.17.1-3-g152610e (webtiles) character file.

390 Gargoyl the Skirmisher (level 6, -4/49 HPs)
             Began as a Demonspawn Abyssal Knight on Apr 7, 2016.
             Was a Believer of Lugonu.
             Slain by Menkaure (9 damage)
             ... on level 4 of the Dungeon.
             The game lasted 00:08:33 (4649 turns).

Gargoyl the Skirmisher (Demonspawn Abyssal Knight)  Turns: 4649, Time: 00:08:34

Health: -4/49      AC:  9    Str: 14    XL:     6   Next: 50%
Magic:  8/8        EV: 10    Int: 13    God:    Lugonu [**....]
Gold:   305        SH: 11    Dex: 13    Spells: 0 memorised, 5 levels left

rFire  . . .     SeeInvis .     a - +1 hand axe
rCold  + . .     Clarity  .     q - +0 ring mail
rNeg   . . .     SustAt   .     s - +0 large shield
rPois  .         Gourm    .     (helmet restricted)
rElec  .         Spirit   .     i - +0 cloak (curse)
rCorr  .         Warding  .     (no gloves)
rMut   .         Stasis   .     m - +0 pair of boots
MR     .....                    (no amulet)
Stlth  +.........               (no ring)
                                C - +3 ring of evasion

@: not resistant to hostile enchantments, very unstealthy
A: antennae 1, rugged brown scales 1, cold resistance 1
a: Depart the Abyss, Bend Space, Renounce Religion


You were on level 4 of the Dungeon.
You worshipped Lugonu.
Lugonu was pleased with you.
You were not hungry.

You visited 1 branch of the dungeon, and saw 4 of its levels.
You visited the Abyss 1 time.

You collected 305 gold pieces.

Inventory:

Hand Weapons
 a - a +1 hand axe (weapon)
 b - a +0 spear
 r - a +0 flail
Missiles
 w - 4 tomahawks (quivered)
Armour
 i - a cursed +0 cloak (worn)
 m - a +0 pair of boots (worn)
 q - a +0 ring mail (worn)
 s - a +0 large shield (worn)
Jewellery
 C - a +3 ring of evasion (left hand)
Wands
 x - a wand of flame (28)
Scrolls
 d - 4 scrolls of remove curse {unknown}
 g - 4 scrolls of enchant armour {unknown}
 k - 4 scrolls of identify
 n - 2 scrolls of fog {unknown}
 p - a scroll of blinking {unknown}
 t - a scroll of enchant weapon {unknown}
 v - a scroll of amnesia {unknown}
 y - 3 scrolls of fear {unknown}
 B - a scroll of immolation {unknown}
Potions
 e - a potion of might {unknown}
 h - 2 potions of ambrosia {unknown}
 l - a potion of lignification {unknown}
 u - a potion of haste {unknown}
 z - a potion of curing {unknown}
 A - a potion of resistance {unknown}
 D - 2 potions of brilliance {unknown}
 E - 2 potions of poison {unknown}
 G - a potion of agility {unknown}
Comestibles
 c - 4 bread rations
 f - 5 meat rations
 j - a beef jerky


   Skills:
 + Level 3.8 Fighting
 + Level 2.8 Axes
 * Level 3.7 Armour
 + Level 2.9 Dodging
 + Level 1.0 Stealth
 + Level 1.9 Shields
 + Level 3.0 Invocations


You had 5 spell levels left.
You didn't know any spells.

Dungeon Overview and Level Annotations

Branches:
Dungeon (4/15)
 Temple: D:4-7

Altars:
Ashenzari
Fedhas

Annotations:
D:4 Menkaure


Innate Abilities, Weirdness & Mutations

You have a pair of small antennae on your head.
You are partially covered in rugged brown scales (AC +1, +3% HP).
Your flesh is cold resistant.


Message History

Menkaure mumbles some strange words.
Menkaure seems to speed up.
You barely miss Menkaure.
Menkaure is heavily damaged.
Menkaure misses you. Menkaure hits you but does no damage.
Your shield prevents you from hitting Menkaure.
Menkaure is heavily damaged.
Menkaure hits you!
You hit Menkaure.
Menkaure is severely damaged.
You block Menkaure's attack. x2
You hit Menkaure but do no damage.
Menkaure is severely damaged.
You block Menkaure's attack.
You hit Menkaure.
Menkaure is severely damaged.
Menkaure hits you!
* * * LOW HITPOINT WARNING * * *
Menkaure hits you!
You die...

§≈≈§§≈≈§
#......#..#
.≈≈≈≈≈≈
#......#..#
.≈≈≈≈≈≈
#......#..#
.≈§≈§§≈≈
#.........#
.≈≈≈≈§≈§
#.........#
≈≈§≈≈§≈≈
#.........#
≈§≈§≈≈§≈
#######[..#
≈≈≈≈≈§≈#
#...#
≈≈≈≈≈≈##
#@..#
≈≈≈§§##
#.M.#
≈≈≈≈##
#...# ≈≈§##
#...# ####
##..# # ..#
# .># ###


You could see Menkaure.

Vanquished Creatures
  An ogre (D:4)
  4 hounds
  An orc priest (D:4)
  A hound skeleton (D:4)
  4 gnolls
  2 adders (D:2)
  An ooze (D:3)
  A giant gecko (D:4)
  6 orcs
  7 bats
  5 giant cockroaches
  8 goblins
  9 hobgoblins
  A quokka (D:4)
  2 giant newts
  2 jackals (D:3)
  8 kobolds
  7 rats
70 creatures vanquished.

Vanquished Creatures (others)
  A starspawn tentacle (Abyss:1)
  36 starspawn tentacle segments (Abyss:1)
37 creatures vanquished.

Grand Total: 107 creatures vanquished

Notes
Turn   | Place    | Note
--------------------------------------------------------------
     0 | Abyss:1  | Gargoyl the Demonspawn Abyssal Knight began the quest for the Orb.
     0 | Abyss:1  | Reached XP level 1. HP: 18/18 MP: 2/2
    41 | Abyss:1  | Found a corrupted altar of Lugonu.
    90 | Abyss:1  | Noticed a tentacled starspawn
   100 | Abyss:1  | Noticed a quicksilver dragon skeleton
   104 | D:1      | Escaped the Abyss
   374 | D:1      | Reached * piety under Lugonu
   379 | D:1      | Gained mutation: You have a pair of small antennae on your head. [demonic ancestry]
   379 | D:1      | Reached XP level 2. HP: 24/24 MP: 3/3
   510 | D:1      | Reached skill level 1 in Dodging
  1306 | D:2      | Gained mutation: You are partially covered in rugged brown scales (AC +1, +3% HP). [demonic ancestry]
  1306 | D:2      | Reached XP level 3. HP: 17/29 MP: 5/5
  1766 | D:2      | Reached XP level 4. HP: 28/36 MP: 6/6
  2014 | D:2      | Reached skill level 1 in Stealth
  2261 | D:2      | Reached ** piety under Lugonu
  2968 | D:3      | Found a shattered altar of Ashenzari.
  2994 | D:3      | Reached XP level 5. HP: 33/42 MP: 7/7
  3371 | D:3      | Found a blossoming altar of Fedhas.
  3531 | D:4      | Reached skill level 1 in Shields
  4074 | D:3      | Gained mutation: Your flesh is cold resistant. [demonic ancestry]
  4074 | D:3      | Reached XP level 6. HP: 48/48 MP: 8/8
  4403 | D:4      | Noticed an ogre
  4413 | D:4      | Killed an ogre
  4631 | D:4      | Noticed Menkaure
  4649 | D:4      | Slain by Menkaure

Action                   |  1- 3 |  4- 6 || total
-------------------------+-------+-------++-------
Melee: Hand axe          |    98 |   235 ||   333
Invok: Depart the Abyss  |     1 |       ||     1
Evoke: Wand              |       |     4 ||     4
  Use: Potion            |       |     2 ||     2
       Scroll            |       |     1 ||     1
  Eat: Chunk             |     3 |     8 ||    11
       Bread ration      |       |     1 ||     1
